 Dungeon Crawl Stone Soup version 0.30.0-5-g1a98f26d00 (webtiles) character file.

Game seed: 9763824419339962446

64542 KamiKatze the Eclecticist (level 14, -34/80 HPs)
             Began as a Deep Elf Conjurer on May 9, 2023.
             Was a High Priest of Vehumet.
             Hit by a large rock thrown by a cyclops (36 damage)
             ... on level 11 of the Dungeon on May 10, 2023.
             The game lasted 01:30:43 (21516 turns).

KamiKatze the Eclecticist (Deep Elf Conjurer)      Turns: 21516, Time: 01:30:43

Health: -34/80     AC:  8    Str:  2    XL:     14   Next: 72%
Magic:  19/36      EV: 13    Int: 29    God:    Vehumet [*****.]
Gold:   616        SH:  5    Dex: 13    Spells: 18/45 levels left

rFire   . . .        F - staff of poison
rCold   . . .        e - +0 buckler
rNeg    . . .        N - +0 robe of Modesty {rElec rCorr Str-2}
rPois   +            O - +2 helmet
rElec   +            p - +2 cloak
rCorr   +            (no gloves)
SInv    .            (no boots)
Will    +....        U - amulet of magic regeneration
Stlth   ++++         D - ring of wizardry
HPRegen 0.33/turn    y - ring of flight
MPRegen 0.65/turn

%: wizardry (x1)
@: flying
A: no striking features
a: Renounce Religion


You were on level 11 of the Dungeon.
You worshipped Vehumet.
Vehumet was extremely pleased with you.
You visited 4 branches of the dungeon, and saw 20 of its levels.
You also visited: Ossuary.

You collected 2092 gold pieces.
You spent 1476 gold pieces at shops.

Inventory:

Hand Weapons
 a - a +4 dagger of venom
 m - the +8 autumn katana {manifold assault}
   (You found it on level 1 of the Lair of Beasts)
 I - the +1 whip "Killer Bee's Curse" {freeze, rC+ Int+3}
   (You found it on level 8 of the Dungeon)

   Int:       It affects your intelligence (+3).
   rC:        It protects you from cold.
Missiles
 t - a throwing net
 v - 26 poisoned darts (quivered)
Armour
 e - a +0 buckler (worn)
 p - a +2 cloak (worn)
 H - +0 steam dragon scales
 N - the +0 robe of Modesty (worn) {rElec rCorr Str-2}
   (You bought it in a shop on level 10 of the Dungeon)

   Str:       It affects your strength (-2).
   rElec:     It insulates you from electricity.
   rCorr:     It protects you from acid and corrosion.
 O - a +2 helmet (worn)
Magical Staves
 F - a staff of poison (weapon)
Jewellery
 j - an amulet of the acrobat
 o - a ring of fire
 y - a ring of flight (right hand)
 D - a ring of wizardry (left hand)
 S - a ring of fire
 U - an amulet of magic regeneration (around neck)
Wands
 x - a wand of roots (15)
 B - a wand of charming (16)
 Q - a wand of polymorph (6)
Scrolls
 d - a scroll of poison
 k - 2 scrolls of blinking
 q - 2 scrolls of teleportation
 G - 2 scrolls of vulnerability
 J - 2 scrolls of immolation
 K - a scroll of fear
 L - 3 scrolls of amnesia
 M - 2 scrolls of fog
 T - 2 scrolls of enchant armour
Potions
 b - 2 potions of magic
 c - 10 potions of curing
 f - 2 potions of brilliance
 g - 8 potions of heal wounds
 i - 4 potions of flight
 l - 4 potions of mutation
 n - 2 potions of berserk rage
 r - 3 potions of attraction
 s - 11 potions of ambrosia
 u - 3 potions of might
 w - a potion of cancellation
 A - a potion of haste {unknown}
 E - 3 potions of resistance


   Skills:
 + Level 6.8 Fighting
 - Level 2.0 Throwing
 - Level 6.0 Dodging
 - Level 9.0 Stealth
 - Level 4.0 Shields
 * Level 16.4 Spellcasting
 * Level 14.5 Conjurations
 - Level 10.0 Hexes
 - Level 10.0 Translocations
 * Level 7.5 Air Magic
 * Level 5.8 Earth Magic
 - Level 2.0 Evocations


You had 18 spell levels left.
You knew the following spells:

 Your Spells              Type           Power      Damage    Failure   Level
a - Magic Dart            Conj           100%       1d8       0%          1
b - Searing Ray           Conj           100%       2d8       0%          2
c - Fulminant Prism       Conj/Hex       38%        3d18      1%          4
d - Iskenderun's Mystic   Conj/Tloc      76%        2d15      1%          4
e - Lee's Rapid Deconstr  Erth           27%        3d15*     1%          5
f - Freezing Cloud        Conj/Ice/Air   30%        6-21      1%          5
l - Conjure Ball Lightni  Conj/Air       36%        3x3d12    1%          6

Your spell library contained the following spells:

 Spells                   Type           Power      Damage    Failure   Level
 Blink                    Tloc           100%       N/A       1%          2
 Lesser Beckoning         Tloc           100%       N/A       1%          2
 Momentum Strike          Conj/Tloc      100%       3d10      1%          2
 Dazzling Flash           Conj/Hex       100%       N/A       1%          3
 Gell's Gravitas          Tloc           69%        N/A       1%          3
 Teleport Other           Tloc           69%        N/A       1%          3
 Leda's Liquefaction      Hex/Erth       31%        N/A       1%          4
 Sublimation of Blood     Necr           23%        N/A       2%          2
 Wereblood                Tmut           23%        N/A       2%          2
 Ozocubu's Armour         Ice            23%        N/A       4%          3
 Dispersal                Tloc           34%        N/A       4%          6
 Metabolic Englaciation   Hex/Ice        26%        N/A       6%          5
 Statue Form              Tmut/Erth      26%        N/A       56%         6
 Discord                  Hex            34%        N/A       85%         8
 Disjunction              Tloc           34%        N/A       85%         8
 Simulacrum               Ice/Necr       11%        N/A       91%         6
 Summon Hydra             Summ           11%        N/A       100%        7
 Borgnjor's Revivificati  Necr           11%        N/A       100%        8
 Necromutation            Tmut/Necr      11%        N/A       100%        8
 Death's Door             Necr           11%        N/A       100%        9


Dungeon Overview and Level Annotations

Branches:
Dungeon (12/15)            Temple (1/1) D:5            Lair (5/5) D:9
 Shoals (0/4) Lair:3        Snake (0/4) Lair:3        Slime (0/5) Lair:4
    Orc (2/2) D:9             Elf (0/3) Orc:2       Ossuary (visited)

Altars:
Ashenzari
Cheibriados
Dithmenos
Elyvilon
Fedhas
Gozag
Hepliaklqana
Kikubaaqudgha
Makhleb
Nemelex Xobeh
Okawaru
Qazlal
Ru
Sif Muna
Trog
Uskayaw
Vehumet
Wu Jian
Xom
Yredelemnul
Zin
The Shining One
Jiyva

Shops:
D:3 (:   D:7 (   D:10 [*   Orc:1 (((*   Orc:2 ?(:

Annotations:
D:10 dig in w:1
Lair:1 1 runed translucent door, 2 transporters, exclusion: door, konerai's ghost, novice MiMo
Lair:5 return here!, exclusion: 3 doors


Message History

There is a stone staircase leading up here.
A deep elf pyromancer comes into view. It is wielding a +0 long sword.
The skeletal warrior attacks as you move away!
The skeletal warrior closely misses you.
Casting: Iskenderun's Mystic Blast (safe; 1% risk of failure)
Confirm with . or Enter, or press ? or * to list all spells.
You erupt in a blast of force!
The mystic blast hits the skeletal warrior!
The skeletal warrior is heavily damaged.
The skeletal warrior is knocked back by the mystic blast.
You hear a shout!
Casting: Iskenderun's Mystic Blast (safe; 1% risk of failure)
Confirm with . or Enter, or press ? or * to list all spells.
You erupt in a blast of force!
The mystic blast hits the skeletal warrior but does no damage.
The skeletal warrior is heavily damaged.
The skeletal warrior hits you with a +0 mace!!
Unknown command.
Unknown command.
The skeletal warrior attacks as you move away!
The skeletal warrior hits you with a +0 mace!!
* * * LOW HITPOINT WARNING * * *
There is a stone staircase leading up here.
As you read the scroll of teleportation, it crumbles to dust.
You feel strangely unstable.
The skeletal warrior completely misses you.
Unknown command.
You block the skeletal warrior's attack.
You fly upwards.
The troll bites you!
* * * LOW HITPOINT WARNING * * *
The troll closely misses you. The troll claws you!
* * * LOW HITPOINT WARNING * * *
There is a stone staircase leading down here.
Unknown command.
The troll attacks as you move away! The troll barely misses you.
The troll closely misses you. The troll claws you!
* * * LOW HITPOINT WARNING * * *
Your surroundings suddenly seem different.
The cyclops throws a large rock.
The large rock hits you!!!
You die...

. .. ... .... ## ..... ##.
.... ... ..... #.(.# .. ...
......# #####...# ... ...
........#@.....# .... ...###
...............##C$.
.....##..##................
........# #............##
...^....####.......<....#.o.
.......##.##........C..[($..
.......................[)...
...........##...............
......##..^.##..............


You could see a cyclops.

Vanquished Creatures
  3 hydras
  2 ogre magi (Orc:2)
  A catoblepas (Lair:5)
  11 two-headed ogres
  10 death yaks
  2 skysharks
  Amaemon (Lair:3)
  A skeletal warrior (D:11)
  2 deep trolls (Orc:2)
  2 orc knights
  6 oklob plants (Lair:3)
  A manticore (Lair:4)
  3 cyclopes
  Maurice (D:8)
  12 elephants
  An orange demon (Lair:3)
  13 cane toads
  2 torpor snails (Lair:1)
  4 rime drakes
  6 komodo dragons
  2 queen bees
  3 meliai (Lair:4)
  9 trolls (Orc:2)
  A polar bear (Lair:4)
  23 blink frogs
  3 hornets
  2 dream sheep (Lair:1)
  A snapping turtle (Lair:3)
  2 vampires
  4 wyverns
  32 yaks
  6 basilisks
  A wraith (D:10)
  2 vampire mosquitoes (D:8)
  4 steam dragons
  6 nagas (Lair:3)
  2 wargs (Orc:1)
  2 acid dragons (D:9)
  13 water moccasins
  2 ice beasts
  14 orc warriors
  4 black bears
  3 centaurs
  22 ogres
  19 wolves
  2 phantoms (D:5)
  2 kobold brigands
  10 bullfrogs
  7 scorpions
  8 wights
  50 killer bees
  A howler monkey (D:5)
  An electric eel (Lair:3)
  3 hounds
  5 jellies
  11 orc priests
  6 iguanas
  13 orc wizards
  7 hell rats (Lair:4)
  8 mummies (Ossuary)
  11 gnolls
  13 adders
  3 shadow imps
  3 white imps
  2 ufetubi
  4 dart slugs
  53 orcs
  A bat (D:2)
  14 endoplasms
  5 giant cockroaches
  3 gnoll zombies (Ossuary)
  14 goblins
  10 hobgoblins
  3 quokkas
  13 ball pythons
  4 frilled lizards
  2 hobgoblin zombies (Ossuary)
  20 kobolds
  3 kobold zombies (Ossuary)
  6 rats
587 creatures vanquished.

Vanquished Creatures (collateral kills)
  8 ball lightnings
8 creatures vanquished.

Vanquished Creatures (others)
  218 ball lightnings
  203 fulminant prisms
421 creatures vanquished.

Grand Total: 1016 creatures vanquished

Notes
Turn   | Place    | Note
-------+----------+-------------------------------------------
     0 | D:1      | KamiKatze the Deep Elf Conjurer began the quest for the
                  | Orb.
     0 | D:1      | Reached XP level 1. HP: 10/10 MP: 6/6
   192 | D:1      | Reached skill level 1 in Hexes
   192 | D:1      | Reached XP level 2. HP: 15/15 MP: 4/8
   195 | D:1      | Learned a level 2 spell: Searing Ray
   882 | D:2      | Reached XP level 3. HP: 19/19 MP: 7/9
  1011 | D:2      | Reached skill level 1 in Translocations
  1272 | D:2      | Reached XP level 4. HP: 24/24 MP: 6/11
  1277 | D:2      | Learned a level 4 spell: Fulminant Prism
  1564 | D:3      | Found Vapraema's Antique Weapon Shoppe.
  1625 | D:3      | Reached skill level 1 in Throwing
  1866 | D:3      | Reached skill level 1 in Evocations
  1941 | D:3      | Reached skill level 4 in Spellcasting
  1941 | D:3      | Reached XP level 5. HP: 28/28 MP: 9/13
  1942 | D:3      | Reached skill level 5 in Conjurations
  1973 | D:3      | Learned a level 4 spell: Iskenderun's Mystic Blast
  2219 | D:3      | Found Uxaaw's Book Shoppe.
  2478 | D:4      | Reached XP level 6. HP: 18/32 MP: 0/14
  2758 | D:4      | Found a sand-covered staircase.
  2768 | Ossuary  | Entered an ossuary
  3147 | Ossuary  | Reached skill level 5 in Spellcasting
  3503 | D:4      | Reached XP level 7. HP: 25/36 MP: 6/16
  3718 | D:5      | Entered Level 5 of the Dungeon
  3889 | D:5      | Found a staircase to the Ecumenical Temple.
  3898 | Temple   | Entered the Ecumenical Temple
  4067 | D:5      | Reached skill level 6 in Spellcasting
  4108 | D:5      | Reached skill level 5 in Hexes
  4205 | D:5      | Reached XP level 8. HP: 41/41 MP: 2/19
  4516 | D:5      | Reached skill level 7 in Spellcasting
  4516 | D:5      | Reached skill level 5 in Translocations
  5185 | D:6      | Reached XP level 9. HP: 46/46 MP: 13/22
  5625 | D:7      | Reached skill level 1 in Fighting
  5625 | D:7      | Reached skill level 8 in Spellcasting
  5785 | D:7      | Found Ochocos's Weapon Emporium.
  6607 | D:8      | Noticed Maurice
  6662 | D:8      | Killed Maurice
  6850 | D:8      | Found an ornate altar of the Wu Jian Council.
  6853 | D:8      | Found a snail-covered altar of Cheibriados.
  6860 | D:8      | Reached skill level 9 in Spellcasting
  6864 | D:8      | Found a broken altar of Ashenzari.
  6936 | D:8      | Reached XP level 10. HP: 53/53 MP: 13/25
  7038 | D:8      | Found a burning altar of Makhleb.
  7045 | D:8      | Identified the +1 whip "Killer Bee's Curse" {freeze, rC+
                  | Int+3}
  7110 | D:8      | Found an iron altar of Okawaru.
  7428 | D:8      | Found a radiant altar of Vehumet.
  7428 | D:8      | Found a stormy altar of Qazlal.
  7434 | D:8      | Found a shimmering altar of Xom.
  7436 | D:8      | Became a worshipper of Vehumet
  7439 | D:8      | Found a faded altar of an unknown god.
  7441 | D:8      | Found a white marble altar of Elyvilon.
  7854 | D:9      | Noticed a two-headed ogre
  7860 | D:9      | Killed a two-headed ogre
  7861 | D:9      | Reached skill level 5 in Dodging
  7861 | D:9      | Reached skill level 5 in Stealth
  8534 | D:9      | Noticed a two-headed ogre
  8545 | D:9      | Killed a two-headed ogre
  8546 | D:9      | Reached skill level 10 in Spellcasting
  8776 | D:9      | Found a staircase to the Orcish Mines.
  9061 | D:9      | Found a staircase to the Lair.
  9380 | D:10     | Entered Level 10 of the Dungeon
  9382 | D:10     | Reached * piety under Vehumet
  9382 | D:10     | Offered knowledge of Kiss of Death by Vehumet.
  9496 | D:10     | Reached XP level 11. HP: 37/59 MP: 10/27
  9740 | D:10     | Found Biuqusan's Assorted Antiques.
  9837 | D:10     | Bought a silvery potion for 24 gold pieces
  9923 | D:10     | Reached skill level 10 in Hexes
 10338 | D:10     | Found Weicookh's Antique Armour Shoppe.
 10342 | D:10     | Bought an ancient robe for 136 gold pieces
 10342 | D:10     | Identified the +0 robe of Modesty {rElec rCorr Str-2} (You
                  | bought it in a shop on level 10 of the Dungeon)
 10342 | D:10     | Bought a shiny helmet for 180 gold pieces
 10609 | Lair:1   | Entered Level 1 of the Lair of Beasts
 10625 | Lair:1   | Reached skill level 10 in Conjurations
 10626 | Lair:1   | Reached skill level 1 in Shields
 10733 | Lair:1   | Reached skill level 11 in Spellcasting
 10735 | Lair:1   | Reached ** piety under Vehumet
 10735 | Lair:1   | Offered knowledge of Sandblast by Vehumet.
 11019 | Lair:1   | Found a runed translucent door.
 11020 | Lair:1   | Found a shimmering altar of Xom.
 11020 | Lair:1   | Noticed konerai's ghost (novice MiMo)
 11020 | Lair:1   | Noticed a +1 hand axe of chaos
 11073 | Lair:1   | Found the +8 autumn katana {manifold assault}
 11216 | Lair:1   | Found a transporter.
 11232 | Lair:1   | Found a transporter.
 12245 | Lair:2   | Offered knowledge of Static Discharge by Vehumet.
 12257 | Lair:2   | Reached XP level 12. HP: 66/66 MP: 11/29
 12259 | Lair:2   | Reached skill level 12 in Spellcasting
 12916 | Lair:3   | Identified the +2 ring mail of Seimah {rPois rCorr}
 12962 | Lair:3   | Reached *** piety under Vehumet
 13063 | Lair:3   | Reached skill level 10 in Translocations
 13203 | Lair:3   | Noticed Amaemon
 13215 | Lair:3   | Killed Amaemon
 13366 | Lair:3   | Found a staircase to the Snake Pit.
 14025 | Lair:3   | Found a staircase to the Shoals.
 14421 | Lair:3   | Reached skill level 13 in Spellcasting
 14500 | Lair:3   | Offered knowledge of Airstrike by Vehumet.
 14559 | Lair:4   | Noticed a seven-headed hydra
 14709 | Lair:4   | Noticed a death yak
 14711 | Lair:4   | Noticed a death yak
 14717 | Lair:3   | Reached skill level 5 in Fighting
 14796 | Lair:4   | Noticed a death yak
 14796 | Lair:4   | Noticed a death yak
 14796 | Lair:4   | Noticed a death yak
 14797 | Lair:4   | Noticed a death yak
 15114 | D:3      | Bought a book of Chaos for 600 gold pieces
 15121 | D:3      | Learned a level 6 spell: Conjure Ball Lightning
 15314 | Orc:1    | Entered Level 1 of the Orcish Mines
 15318 | Orc:1    | Noticed a two-headed ogre
 15326 | Orc:1    | Killed a two-headed ogre
 15393 | Orc:1    | Reached skill level 1 in Air Magic
 15542 | Orc:1    | Found Xameg's Antique Weapon Emporium.
 15558 | Orc:1    | Found Odeezxa's Antique Weapon Emporium.
 15582 | Orc:1    | Reached XP level 13. HP: 60/72 MP: 17/32
 15584 | Orc:1    | Reached **** piety under Vehumet
 15697 | Orc:1    | Offered knowledge of Olgreb's Toxic Radiance by Vehumet.
 15951 | Orc:1    | Found Ypocayh's General Store.
 16054 | Orc:1    | Found Humoalim's Weapon Emporium.
 16431 | Orc:2    | Entered Level 2 of the Orcish Mines
 16459 | Orc:2    | Reached skill level 14 in Spellcasting
 16743 | Orc:2    | Reached ***** piety under Vehumet
 16744 | Orc:2    | Offered knowledge of Fireball by Vehumet.
 17069 | Orc:2    | Reached skill level 15 in Spellcasting
 17184 | Orc:2    | Found Antieta's Antique Weapon Boutique.
 17190 | Orc:2    | Reached skill level 5 in Air Magic
 17270 | Orc:2    | Found Qusazah's Magic Scroll Shop.
 17319 | Orc:2    | Found Mocsyscha's Antique Weapon Shoppe.
 17326 | Orc:2    | Bought a scroll of amnesia for 68 gold pieces
 17329 | Orc:2    | Found Yclulilo's Book Shop.
 17337 | Orc:2    | Bought a book of the Earth for 468 gold pieces
 17343 | Orc:2    | Learned a level 5 spell: Lee's Rapid Deconstruction
 17525 | Orc:2    | Found a staircase to the Elven Halls.
 18026 | Lair:4   | Reached skill level 1 in Earth Magic
 18662 | Lair:4   | Reached XP level 14. HP: 80/80 MP: 31/35
 18767 | Lair:4   | Identified the +5 flail "Pehi" {chaos, rPois rF+ Str+3}
 19299 | Lair:4   | Offered knowledge of Freezing Cloud by Vehumet.
 19451 | Lair:4   | Found a runed translucent door.
 19452 | Lair:4   | Found a viscous altar of Jiyva.
 19454 | Lair:4   | Found a staircase to the Slime Pits.
 19757 | Lair:4   | Learned a level 5 spell: Freezing Cloud
 19771 | Lair:5   | Entered Level 5 of the Lair of Beasts
 20086 | Lair:5   | Reached skill level 16 in Spellcasting
 20294 | Lair:5   | Reached skill level 5 in Earth Magic
 21445 | D:11     | You are sucked into a shaft and drop 1 floor!
 21485 | D:12     | Identified the +0 leather armour of the Clam {Rampage Str+3
                  | Slay-4 Stlth+}
 21516 | D:11     | HP: 2/80 [troll (12)]
 21516 | D:11     | Hit by a large rock thrown by a cyclops

Illustrated notes

Levels and vault maps discovered:
D:1:      moated_graveyard_arrival, layout_basic
D:2:      layout_basic, serial_glass, glass_columns_a, glass_columns_a,
          glass_columns_a, glass_columns_b, glass_columns_b, glass_columns_c,
          grunt_ministairs_2, st_stairs_2
D:3:      layout_basic, serial_shops, shop, shop
D:4:      layout_basic, enter_ossuary_1, st_stairs_12
D:5:      layout_gridville, minmay_temple_entry_waves, gup_sewer_entry_glass,
          minmay_fractal_squares_gapless_5
D:6:      layout_rooms, minivault_26, kennysheep_minor_cross
D:7:      layout_basic, kennysheep_small_square
D:8:      layout_loops_cross, bloody_makhleb,
          chequers_temple_overflow_minitemple, kennysheep_okawaru_gauntlet,
          minitemple, uniq_maurice
D:9:      layout_loops_corners, minmay_lair_entry_grove, minmay_fountain_box
D:10:     layout_loops_ring, serial_shops, shop, shop, due_unseen_surprise
D:11:     layout_cave_pools
D:12:     layout_loops_ring
Temple:   nicolae_temple_god_jail
Lair:1:   gammafunk_worm_tunnel, layout_cave_pods, ebering_ghost_xom
Lair:2:   layout_cave_shapes, special_room [special_room_bee],
          serial_bayou_pond_b, chequers_serial_rivers_micro_e
Lair:3:   statuecave_lemuel, layout_regular_city, minmay_shoals_entry_hut,
          minmay_snake_entry_guardpost_medium, dpeg_oklob_1, uniq_amaemon
Lair:4:   regret_index_tunnel_blossom, layout_loops_ring, slime_entry_2,
          minmay_holes
Lair:5:   due_jungle_book, layout_concentric_octagons, serial_rivers,
          chequers_serial_rivers_marsh, chequers_serial_rivers_micro_a,
          chequers_serial_rivers_large_a, chequers_serial_rivers_marsh,
          minivault_19
Orc:1:    layout_caves, serial_shops, shop, nicolae_shop_getting_attention,
          nicolae_shop_bloodbath_and_beyond, shop
Orc:2:    st_orc_open, layout_caves

Skill      XL: |  1  2  3  4  5  6  7  8  9 10 11 12 13 14 |
---------------+-------------------------------------------+-----
Hexes          | 1 2 3 5 6 8 9 10 | 10.0
Translocations | 1 2 3 4 5 7 8 9 10 | 10.0
Throwing       | 1 2 |  2.0
Stealth        | 3 4 5 7 8 9 |  9.0
Evocations     | 1 2 |  2.0
Dodging        | 3 4 5 6 |  6.0
Spellcasting   | 4 5 6 7 9 10 11 13 15 16 | 16.4
Conjurations   | 5 6 7 8 9 10 12 13 14 | 14.5
Fighting       | 2 3 5 6 |  6.8
Shields        | 3 4 |  4.0
Air Magic      | 1 5 7 |  7.5
Earth Magic    | 2 5 |  5.8

Action                     |  1- 3 |  4- 6 |  7- 9 | 10-12 | 13-15 || total
---------------------------+-------+-------+-------+-------+-------++-------
  Melee: Short sword       |       |    10 |       |       |       ||    10
         Dagger            |       |       |    22 |       |       ||    22
         Punch             |       |       |     1 |       |       ||     1
         Staff             |       |       |       |     3 |     5 ||     8
   Cast: Magic Dart        |    69 |   121 |    66 |    14 |     1 ||   271
         Searing Ray       |       |    17 |    43 |     9 |     2 ||    71
         Fulminant Prism   |       |       |    24 |   127 |    52 ||   203
         Iskenderun's Myst |       |       |     8 |    97 |    76 ||   181
         Conjure Ball Ligh |       |       |       |     5 |    82 ||    87
         Lee's Rapid Decon |       |       |       |       |     7 ||     7
    Use: Scroll            |       |    12 |       |    16 |     2 ||    30
 Armour: Robe              |     3 |     4 |    16 |    11 |    13 ||    47
         Steam dragon scal |       |       |       |     4 |       ||     4
  Dodge: Dodged            |     5 |    45 |    87 |    79 |    43 ||   259
  Block: Buckler           |       |       |       |    10 |    19 ||    29
